TOP OF THE 1ST |
Pittsburgh (WIN) Pirates batting - Pitching for Houston (WIN) Astros : RHP Shitoshi Sai
|
Pitching: RHP Shitoshi Sai
|
|
Batting: RHB Chris McCoy
|
0-0: Fly out, F7 (Flyball, 7, EV 93.1 MPH)
|
Batting: RHB Jordan Robinson
|
0-0: Foul Ball, location: 2F 0-1: Called Strike 0-2: Ball 1-2: Strikes out swinging
|
Batting: RHB Mike Velazquez
|
0-0: Ball 1-0: Called Strike 1-1: Swinging Strike 1-2: Ball 2-2: Foul Ball, location: 2F 2-2: Foul Ball, location: 2F 2-2: Ball 3-2: Foul Ball, location: 2F 3-2: Base on Balls
|
Batting: LHB Tomohiro Yokoyama
|
0-0: Ball 1-0: Ball 2-0: 2-RUN HOME RUN (Flyball, 9LD, EV 96.2 MPH), Distance : 337 ft
|
Batting: RHB Jose Almonte
|
0-0: Ball 1-0: Ball 2-0: Called Strike 2-1: Swinging Strike 2-2: Ball 3-2: Base on Balls
|
Batting: LHB Carlos Vega
|
0-0: Called Strike 0-1: Ball 1-1: Ball 2-1: Ball 3-1: Fly out, F8 (Line Drive, 8LD, EV 95.6 MPH)
|
Top of the 1st over - 2 runs, 1 hit, 0 errors, 1 left on base; Pittsburgh (WIN) 2 - Houston (WIN) 0 |
BOTTOM OF THE 1ST |
Houston (WIN) Astros batting - Pitching for Pittsburgh (WIN) Pirates : RHP Francisco Castillo
|
Pitching: RHP Francisco Castillo
|
|
Batting: RHB Xavier Castaneda
|
0-0: Called Strike 0-1: Foul Ball, location: 2F 0-2: Ball 1-2: Foul Ball, location: 2F 1-2: Ball 2-2: Foul Ball, location: 2F 2-2: SINGLE (Line Drive, 9LS, EV 103.8 MPH)
|
Batting: LHB Josh Corkery
|
0-0: Ball Xavier Castaneda is caught stealing 2nd base 2-6 1-0: Foul Ball, location: 2F 1-1: Swinging Strike 1-2: Ball 2-2: Strikes out swinging
|
Batting: SHB Paskar Adegoke
|
0-0: Ball 1-0: Called Strike 1-1: Swinging Strike 1-2: Ground out 6-3 (Groundball, 56, EV 87.5 MPH)
|
Bottom of the 1st over - 0 runs, 1 hit, 0 errors, 0 left on base; Pittsburgh (WIN) 2 - Houston (WIN) 0 |
TOP OF THE 2ND |
Pittsburgh (WIN) Pirates batting - Pitching for Houston (WIN) Astros : RHP Shitoshi Sai
|
Batting: RHB Tim Moore
|
0-0: Ball 1-0: Ground out 4-3 (Groundball, 4, EV 103.8 MPH)
|
Batting: SHB Curtis Thompson
|
0-0: SINGLE (Flyball, 78S, EV 93.8 MPH)
|
Batting: LHB Brandon Sarni
|
0-0: Grounds into double play, 5-4-3 (Groundball, 56, EV 79.4 MPH)
|
Top of the 2nd over - 0 runs, 1 hit, 0 errors, 0 left on base; Pittsburgh (WIN) 2 - Houston (WIN) 0 |
BOTTOM OF THE 2ND |
Houston (WIN) Astros batting - Pitching for Pittsburgh (WIN) Pirates : RHP Francisco Castillo
|
Batting: RHB Elijah Hunter
|
0-0: Ball 1-0: Called Strike 1-1: Ball 2-1: Foul Ball, location: 2F 2-2: SINGLE (Groundball, 6MD, EV 103.8 MPH)
|
Batting: LHB Jimmy Edlin
|
0-0: Called Strike 0-1: Ball 1-1: Ball 2-1: Swinging Strike 2-2: Foul Ball, location: 2F 2-2: Strikes out swinging
|
Batting: LHB Mark Dearth
|
0-0: Fly out, F7 (Flyball, 7LSF, EV 94.4 MPH)
|
Batting: RHB Alex Campos
|
0-0: Ball 1-0: Ball 2-0: Foul Ball, location: 2F 2-1: Fly out, F7 (Line Drive, 7, EV 111.9 MPH)
|
Bottom of the 2nd over - 0 runs, 1 hit, 0 errors, 1 left on base; Pittsburgh (WIN) 2 - Houston (WIN) 0 |
TOP OF THE 3RD |
Pittsburgh (WIN) Pirates batting - Pitching for Houston (WIN) Astros : RHP Shitoshi Sai
|
Batting: RHB Chris McCoy
|
0-0: Bunt missed! 0-1: Ball 1-1: Ground out 5-3 (Groundball, 56S, EV 88.1 MPH)
|
Batting: RHB Jordan Robinson
|
0-0: Ball 1-0: Called Strike 1-1: Ball 2-1: Foul Ball, location: 2F 2-2: Strikes out looking
|
Batting: RHB Mike Velazquez
|
0-0: Fly out, F7 (Flyball, 7LS, EV 97.5 MPH)
|
Top of the 3rd over - 0 runs, 0 hits, 0 errors, 0 left on base; Pittsburgh (WIN) 2 - Houston (WIN) 0 |
BOTTOM OF THE 3RD |
Houston (WIN) Astros batting - Pitching for Pittsburgh (WIN) Pirates : RHP Francisco Castillo
|
Batting: LHB Josh Birkner
|
0-0: Ball 1-0: Fly out, F8 (Flyball, 89D, EV 111.9 MPH)
|
Batting: RHB Reginald McDougall
|
0-0: Ball 1-0: Called Strike 1-1: Foul Ball, location: 2F 1-2: Ball 2-2: Strikes out swinging
|
Batting: RHB Xavier Castaneda
|
0-0: Ball 1-0: Ball 2-0: Swinging Strike 2-1: Called Strike 2-2: Ball 3-2: Strikes out swinging
|
Bottom of the 3rd over - 0 runs, 0 hits, 0 errors, 0 left on base; Pittsburgh (WIN) 2 - Houston (WIN) 0 |
TOP OF THE 4TH |
Pittsburgh (WIN) Pirates batting - Pitching for Houston (WIN) Astros : RHP Shitoshi Sai
|
Batting: LHB Tomohiro Yokoyama
|
0-0: Ball 1-0: Hit by Pitch
|
Batting: RHB Jose Almonte
|
0-0: Ball 1-0: Grounds into double play, 4-6-3 (Groundball, 4, EV 83.1 MPH)
|
Batting: LHB Carlos Vega
|
0-0: Foul Ball, location: 2F 0-1: Ball 1-1: Foul Ball, location: 2F 1-2: Ball 2-2: Ball 3-2: Base on Balls
|
Batting: RHB Tim Moore
|
0-0: Foul Ball, location: 2F 0-1: SINGLE (Line Drive, 3D, EV 96.2 MPH) Carlos Vega to second Runner from 2nd tries for 3rd, SAFE, no throw by RF
|
Batting: SHB Curtis Thompson
|
0-0: Ball 1-0: Foul Ball, location: 2F 1-1: Ball 2-1: Ball 3-1: Swinging Strike 3-2: Base on Balls Tim Moore to second
|
Batting: LHB Brandon Sarni
|
0-0: Ball 1-0: Ball 2-0: Fly out, F2 (Popup, 23F, EV 89.4 MPH)
|
Top of the 4th over - 0 runs, 1 hit, 0 errors, 3 left on base; Pittsburgh (WIN) 2 - Houston (WIN) 0 |
BOTTOM OF THE 4TH |
Houston (WIN) Astros batting - Pitching for Pittsburgh (WIN) Pirates : RHP Francisco Castillo
|
Batting: LHB Josh Corkery
|
0-0: Ground out 6-3 (Groundball, 6, EV 81.2 MPH)
|
Batting: SHB Paskar Adegoke
|
0-0: Fly out, F8 (Flyball, 8LD, EV 86.9 MPH)
|
Batting: RHB Elijah Hunter
|
0-0: Ball 1-0: Ball 2-0: Ball 3-0: Called Strike 3-1: Base on Balls
|
Batting: LHB Jimmy Edlin
|
0-0: Ball 1-0: Foul Ball, location: 2F 1-1: Swinging Strike 1-2: Strikes out looking
|
Bottom of the 4th over - 0 runs, 0 hits, 0 errors, 1 left on base; Pittsburgh (WIN) 2 - Houston (WIN) 0 |
TOP OF THE 5TH |
Pittsburgh (WIN) Pirates batting - Pitching for Houston (WIN) Astros : RHP Shitoshi Sai
|
Batting: RHB Chris McCoy
|
0-0: Foul Ball, location: 2F 0-1: TRIPLE (Flyball, 89XD, EV 89.4 MPH)
|
Batting: RHB Jordan Robinson
|
0-0: Ball 1-0: Swinging Strike 1-1: SINGLE (Line Drive, 6D, EV 103.1 MPH) Chris McCoy scores
|
Batting: RHB Mike Velazquez
|
0-0: Ball 1-0: Swinging Strike 1-1: Fly out, F8 (Line Drive, 8LD, EV 93.8 MPH)
|
Batting: LHB Tomohiro Yokoyama
|
0-0: Foul Ball, location: 2F 0-1: Ball 1-1: Swinging Strike 1-2: Ball 2-2: Ball 3-2: Foul Ball, location: 2F 3-2: Foul Ball, location: 2F 3-2: Ground out 5-3 (Groundball, 5, EV 99.4 MPH) Jordan Robinson to second
|
Batting: RHB Jose Almonte
|
0-0: Called Strike 0-1: Ball 1-1: Foul Ball, location: 2F 1-2: Foul Ball, location: 2F 1-2: Foul Ball, location: 2F 1-2: Fly out, F8 (Flyball, 8RD, EV 91.2 MPH)
|
Top of the 5th over - 1 run, 2 hits, 0 errors, 1 left on base; Pittsburgh (WIN) 3 - Houston (WIN) 0 |
BOTTOM OF THE 5TH |
Houston (WIN) Astros batting - Pitching for Pittsburgh (WIN) Pirates : RHP Francisco Castillo
|
Batting: LHB Mark Dearth
|
0-0: Fly out, F7 (Flyball, 78S, EV 93.1 MPH)
|
Batting: RHB Alex Campos
|
0-0: Ball 1-0: Ball 2-0: Ball 3-0: Base on Balls
|
Batting: LHB Josh Birkner
|
0-0: Ball 1-0: Called Strike 1-1: Ball 2-1: Ball 3-1: Called Strike 3-2: Strikes out swinging
|
Batting: RHB Reginald McDougall
|
0-0: Ball 1-0: Foul Ball, location: 2F 1-1: Called Strike 1-2: Ball 2-2: SINGLE (Groundball, 4S, EV 69.4 MPH) (infield hit) Alex Campos to second
|
Batting: RHB Xavier Castaneda
|
0-0: Fly out, F7 (Flyball, 78S, EV 96.9 MPH)
|
Bottom of the 5th over - 0 runs, 1 hit, 0 errors, 2 left on base; Pittsburgh (WIN) 3 - Houston (WIN) 0 |
TOP OF THE 6TH |
Pittsburgh (WIN) Pirates batting - Pitching for Houston (WIN) Astros : RHP Shitoshi Sai
|
Pitching: RHP Ricardo Acosta
|
|
Batting: LHB Carlos Vega
|
0-0: Called Strike 0-1: Foul Ball, location: 2F 0-2: Ball 1-2: Strikes out swinging, 2-3 out at first.
|
Batting: RHB Tim Moore
|
0-0: Called Strike 0-1: Called Strike 0-2: Ball 1-2: Ball 2-2: Strikes out swinging
|
Batting: SHB Curtis Thompson
|
0-0: Ball 1-0: Called Strike 1-1: Foul Ball, location: 2F 1-2: Foul Ball, location: 2F 1-2: Strikes out swinging
|
Top of the 6th over - 0 runs, 0 hits, 0 errors, 0 left on base; Pittsburgh (WIN) 3 - Houston (WIN) 0 |
BOTTOM OF THE 6TH |
Houston (WIN) Astros batting - Pitching for Pittsburgh (WIN) Pirates : RHP Francisco Castillo
|
Batting: LHB Josh Corkery
|
0-0: Ball 1-0: Ball 2-0: Called Strike 2-1: Swinging Strike 2-2: Foul Ball, location: 2F 2-2: Ball 3-2: Fly out, F9 (Line Drive, 9, EV 100.6 MPH)
|
Batting: SHB Paskar Adegoke
|
0-0: Called Strike 0-1: Foul Ball, location: 2F 0-2: Ground out 6-3 (Groundball, 6, EV 85.6 MPH)
|
Batting: RHB Elijah Hunter
|
0-0: Ball 1-0: Foul Ball, location: 2F 1-1: Foul Ball, location: 2F 1-2: Foul Ball, location: 2F 1-2: Hit by Pitch
|
Batting: LHB Jimmy Edlin
|
0-0: Ball 1-0: Foul Ball, location: 2F 1-1: Foul Ball, location: 2F 1-2: Foul Ball, location: 2F 1-2: Foul Ball, location: 2F 1-2: Strikes out swinging
|
Bottom of the 6th over - 0 runs, 0 hits, 0 errors, 1 left on base; Pittsburgh (WIN) 3 - Houston (WIN) 0 |
TOP OF THE 7TH |
Pittsburgh (WIN) Pirates batting - Pitching for Houston (WIN) Astros : RHP Ricardo Acosta
|
Batting: LHB Brandon Sarni
|
0-0: Foul Ball, location: 2F 0-1: Ball 1-1: Ball 2-1: Ball 3-1: DOUBLE (Line Drive, 5D, EV 107.5 MPH)
|
Batting: RHB Chris McCoy
|
0-0: Ground out 5-3 (Groundball, 56S, EV 67.5 MPH) Brandon Sarni to third
|
Batting: RHB Jordan Robinson
|
0-0: Called Strike 0-1: Called Strike 0-2: Ball 1-2: Ball 2-2: Strikes out swinging
|
Batting: RHB Mike Velazquez
|
0-0: Ball 1-0: Called Strike 1-1: Foul Ball, location: 2F 1-2: Ball 2-2: Fly out, F8 (Flyball, 8RXD, EV 90.0 MPH)
|
Top of the 7th over - 0 runs, 1 hit, 0 errors, 1 left on base; Pittsburgh (WIN) 3 - Houston (WIN) 0 |
BOTTOM OF THE 7TH |
Houston (WIN) Astros batting - Pitching for Pittsburgh (WIN) Pirates : RHP Francisco Castillo
|
Batting: LHB Mark Dearth
|
0-0: Foul Ball, location: 2F 0-1: SINGLE (Groundball, 4D, EV 100.6 MPH)
|
Batting: RHB Alex Campos
|
0-0: Ground out 5-3 (Groundball, 56, EV 84.4 MPH) Mark Dearth to second
|
Batting: LHB Josh Birkner
|
0-0: Called Strike 0-1: Hit by Pitch
|
Batting: RHB Reginald McDougall
|
0-0: Ball 1-0: Called Strike 1-1: TRIPLE (Line Drive, 9LM, EV 106.2 MPH) Mark Dearth scores Josh Birkner scores
|
Batting: RHB Xavier Castaneda
|
0-0: Ball 1-0: Foul Ball, location: 2F 1-1: Swinging Strike 1-2: Ball 2-2: Fly out, F7 (Flyball, 7, EV 96.9 MPH) Runner from 3rd tags up, OUT at HOME! 7-2
|
Bottom of the 7th over - 2 runs, 2 hits, 0 errors, 0 left on base; Pittsburgh (WIN) 3 - Houston (WIN) 2 |
TOP OF THE 8TH |
Pittsburgh (WIN) Pirates batting - Pitching for Houston (WIN) Astros : RHP Ricardo Acosta
|
Pitching: LHP Curt Joseph
|
|
Batting: LHB Tomohiro Yokoyama
|
0-0: Called Strike 0-1: Ball 1-1: Swinging Strike 1-2: Strikes out swinging
|
Batting: RHB Jose Almonte
|
0-0: Called Strike 0-1: Fly out, F8 (Flyball, 89M, EV 85.6 MPH)
|
Batting: LHB Carlos Vega
|
0-0: Called Strike 0-1: Ball 1-1: Called Strike 1-2: Ball 2-2: Strikes out swinging
|
Top of the 8th over - 0 runs, 0 hits, 0 errors, 0 left on base; Pittsburgh (WIN) 3 - Houston (WIN) 2 |
BOTTOM OF THE 8TH |
Houston (WIN) Astros batting - Pitching for Pittsburgh (WIN) Pirates : RHP Francisco Castillo
|
Pitching: RHP Alex Romero
|
|
Now in LF: Jordan Robinson
|
|
Now in CF: Joe Hoover
|
|
Batting: LHB Josh Corkery
|
0-0: Called Strike 0-1: Foul Ball, location: 2F 0-2: Strikes out swinging
|
Batting: SHB Paskar Adegoke
|
0-0: Called Strike 0-1: Ball 1-1: Ball 2-1: Ball 3-1: Base on Balls
|
Batting: RHB Elijah Hunter
|
0-0: Ball 1-0: Called Strike 1-1: Swinging Strike 1-2: Ball 2-2: Ball 3-2: Strikes out looking
|
Batting: LHB Jimmy Edlin
|
0-0: Called Strike 0-1: Called Strike 0-2: Foul Ball, location: 2F 0-2: Foul Ball, location: 2F 0-2: Foul Ball, location: 2F 0-2: Ball 1-2: Strikes out swinging
|
Bottom of the 8th over - 0 runs, 0 hits, 0 errors, 1 left on base; Pittsburgh (WIN) 3 - Houston (WIN) 2 |
TOP OF THE 9TH |
Pittsburgh (WIN) Pirates batting - Pitching for Houston (WIN) Astros : LHP Curt Joseph
|
Pitching: RHP Aaron Shapiro
|
|
Batting: RHB Tim Moore
|
0-0: Called Strike 0-1: Foul Ball, location: 2F 0-2: Foul Ball, location: 2F 0-2: Fly out, F8 (Flyball, 8RS, EV 91.9 MPH)
|
Batting: SHB Curtis Thompson
|
0-0: Ball 1-0: Ball 2-0: Ball 3-0: Called Strike 3-1: Foul Ball, location: 2F 3-2: Base on Balls
|
Batting: LHB Brandon Sarni
|
0-0: Ball 1-0: Called Strike 1-1: Swinging Strike 1-2: Strikes out swinging
|
Batting: RHB Chris McCoy
|
0-0: Ball 1-0: Called Strike 1-1: Ball Wild Pitch! Curtis Thompson to second 2-1: Ball 3-1: Swinging Strike 3-2: Strikes out swinging
|
Top of the 9th over - 0 runs, 0 hits, 0 errors, 1 left on base; Pittsburgh (WIN) 3 - Houston (WIN) 2 |
BOTTOM OF THE 9TH |
Houston (WIN) Astros batting - Pitching for Pittsburgh (WIN) Pirates : RHP Alex Romero
|
Pitching: RHP Tony Ortiz
|
|
Batting: LHB Mark Dearth
|
0-0: Called Strike 0-1: Fly out, F3 (Popup, 3, EV 74.4 MPH)
|
Batting: RHB Alex Campos
|
0-0: Ball 1-0: Ball 2-0: Called Strike 2-1: Foul Ball, location: 2F 2-2: Ball 3-2: Strikes out looking
|
Batting: LHB Josh Birkner
|
0-0: Ball 1-0: Foul Ball, location: 2F 1-1: Foul Ball, location: 2F 1-2: Foul Ball, location: 2F 1-2: Ball 2-2: Ball 3-2: SINGLE (Line Drive, 89S, EV 107.5 MPH)
|
Pinch Hitting: SHB Danny Jensen
|
0-0: Ground out 1-3 (Groundball, 23, EV 63.8 MPH)
|
Bottom of the 9th over - 0 runs, 1 hit, 0 errors, 1 left on base; Pittsburgh (WIN) 3 - Houston (WIN) 2 |
|